 Dungeon Crawl Stone Soup version 0.32-a0-630-g46d191b0ed (webtiles) character file.

Game seed: 3427546281389514148

119 jasper the Gusty (level 5, -3/29 HPs)
             Began as a Tengu Air Elementalist on Mar 6, 2024.
             Slain by a gnoll
             ... wielding a +0 spear
              (5 damage)
             ... on level 4 of the Dungeon.
             The game lasted 00:05:35 (2472 turns).

jasper the Gusty (Tengu Air Elementalist)           Turns: 2472, Time: 00:05:36

Health: -3/29      AC:  2    Str:  8    XL:     5   Next: 3%
Magic:  5/9        EV: 12    Int: 17    God:
Gold:   173        SH:  0    Dex: 15    Spells: 2/8 levels left

rFire   + . .        r - +1 spear (drain)
rCold   + . .        (no shield)
rNeg    . . .        a - +0 robe
rPois   .            (helmet restricted)
rElec   .            k - scarf {rC+ rF+}
rCorr   .            (no gloves)
SInv    .            (boots unavailable)
Will    .....        (no amulet)
Stlth   ++           (no ring)
HPRegen 0.24/turn    (no ring)
MPRegen 0.11/turn

%: acrobat
@: mighty
A: beak, talons 3, acrobatic
a: no special abilities


You were on level 4 of the Dungeon.
You visited 1 branch of the dungeon, and saw 4 of its levels.

You collected 173 gold pieces.

Inventory:

Hand Weapons
 m - a +0 short sword
 o - a +1 short sword of speed
 r - a +1 spear of draining (weapon)
Missiles
 p - a boomerang
Armour
 a - a +0 robe (worn)
 g - a +0 cloak
 k - a scarf of resistance (worn)
Jewellery
 l - a ring of see invisible
Scrolls
 h - a scroll of identify
Potions
 b - 2 potions of magic
 e - 2 potions of cancellation
 i - a potion of resistance


   Skills:
 + Level 1.5 Fighting
 - Level 2.1 Dodging
 - Level 2.0 Stealth
 - Level 2.0 Spellcasting
 * Level 4.1 Conjurations
 * Level 5.6 Air Magic


You had 2 spell levels left.
You knew the following spells:

 Your Spells              Type           Power      Damage    Failure   Level
a - Shock                 Conj/Air       72%        1d7       2%          1
b - Static Discharge      Conj/Air       36%        3-5/arc   4%          2
c - Swiftness             Air            20%        N/A       6%          3

Your spell library contained the following spells:

 Spells                   Type           Power      Damage    Failure   Level
 Lesser Beckoning         Tloc           2%         N/A       28%         2
 Airstrike                Air            10%        2d(2-18)  19%         4
 Hailstorm                Conj/Ice       8%         3d5       26%         3
 Gell's Gravitas          Tloc           1%         N/A       50%         3
 Summon Ice Beast         Ice/Summ       1%         N/A       50%         3
 Teleport Other           Tloc           1%         N/A       50%         3
 Summon Mana Viper        Hex/Summ       1%         N/A       99%         5
 Sculpt Simulacrum        Ice/Alch       0%         N/A       100%        6
 Monstrous Menagerie      Summ           0%         N/A       100%        7


Dungeon Overview and Level Annotations

Branches:
Dungeon (4/15)
 Temple: D:4-7

Altars:

Annotations:
D:2 Sigmund


Innate Abilities, Weirdness & Mutations

You have a beak for a mouth.
You have claws for feet.
You can magically evade attacks while moving or waiting.


Message History

Aim: a gnoll, wielding a +0 spear (75% to hit)
The zap hits the gnoll.
The gnoll is moderately wounded.
The zap hits the gnoll.
The gnoll is moderately wounded.
The zap hits the gnoll.
The gnoll is heavily wounded.
The zap hits the gnoll.
The gnoll is moderately wounded.
The gnoll hits you with a +0 spear.
The gnoll hits you from afar with a +0 spear.
You take 7 damage, and have 15/29 hp.
MASSIVE DAMAGE!!
You now have 8/9 mp.
Aiming: Shock (safe; 2% risk of failure)
Press: ? - help, Q - select action, (/) - cycle Shift-Dir - straight line, f/p - gnoll
Aim: a gnoll, wielding a +0 spear (moderately wounded, 75% to hit)
The zap hits the gnoll.
The gnoll is heavily wounded.
The zap hits the gnoll.
The gnoll is heavily wounded.
The zap hits the gnoll.
The gnoll is heavily wounded.
The zap hits the gnoll.
The gnoll is heavily wounded.
The gnoll hits you with a +0 spear.
The gnoll hits you from afar with a +0 spear.
* * * LOW HITPOINT WARNING * * *
You take 12 damage, and have 3/29 hp.
MASSIVE DAMAGE!!
You now have 7/9 mp.
It was a potion of might.
You feel very mighty all of a sudden. The gnoll completely misses you.
The gnoll barely misses you.
Casting: Shock (safe; 2% risk of failure)
Confirm with . or Enter, or press ? or * to list all spells.
The gnoll is struck by an arc of lightning.
The gnoll is severely wounded.
The gnoll is struck by an arc of lightning.
The gnoll is severely wounded.
The lightning grounds out.
The gnoll hits you with a +0 spear.
* * * LOW HITPOINT WARNING * * *
The gnoll hits you from afar with a +0 spear.
You die...

..........#
#########.#
#.# #.# #.#
#.# #.#
########.#
...gggg@.#
##########


You could see 4 gnolls.

Vanquished Creatures
  An orc wizard (D:3)
  3 adders
  2 dart slugs (D:1)
  A ribbon worm (D:3)
  5 orcs
  4 ball pythons
  6 bats
  6 endoplasms
  A giant cockroach (D:1)
  3 hobgoblins
  2 jackals (D:2)
  4 quokkas
  A frilled lizard (D:2)
  7 goblins
  4 kobolds
  3 rats
53 creatures vanquished.

Notes
Turn   | Place    | Note
-------+----------+-------------------------------------------
     0 | D:1      | jasper the Tengu Air Elementalist began the quest for the
                  | Orb.
     0 | D:1      | Reached XP level 1. HP: 10/10 MP: 4/4
   132 | D:1      | Reached XP level 2. HP: 15/15 MP: 4/6
   135 | D:1      | Learned a level 2 spell: Static Discharge
   225 | D:1      | You fall into a shaft and drop 1 floor!
   645 | D:1      | Reached XP level 3. HP: 20/20 MP: 0/7
   649 | D:1      | Learned a level 3 spell: Swiftness
  1273 | D:2      | Noticed Sigmund
  1276 | D:2      | Reached skill level 1 in Fighting
  1276 | D:2      | Reached skill level 5 in Air Magic
  1345 | D:3      | Reached XP level 4. HP: 25/25 MP: 2/8
  2017 | D:3      | Reached XP level 5. HP: 29/29 MP: 6/9
  2472 | D:4      | Slain by a gnoll

Illustrated notes

Levels and vault maps discovered:
D:1:      heliophobic_arrival_battle_scene, layout_rooms
D:2:      layout_rooms, uniq_sigmund
D:3:      layout_basic, nicolae_houndstooth_variations
D:4:      layout_basic, uniq_grinder, uniq_eustachio

Skill      XL: |  1  2  3  4 |
---------------+-------------+-----
Conjurations   | 2 3 4 |  4.1
Fighting       | 1 |  1.5
Air Magic      | 5 |  5.6
Dodging        | |  2.1
Stealth        | |  2.0
Spellcasting   | |  2.0

Action                     |  1- 3 |  4- 6 || total
---------------------------+-------+-------++-------
  Melee: Unarmed           |     2 |       ||     2
         Short sword       |       |     1 ||     1
   Cast: Shock             |    77 |    31 ||   108
         Static Discharge  |     2 |     4 ||     6
    Use: Scroll            |       |     9 ||     9
         Potion            |       |     1 ||     1
 Armour: Robe              |     7 |    11 ||    18
  Dodge: Dodged            |    14 |     5 ||    19

Table legend: (Time is in decaauts)
 A = Elapsed time spent in this place.
 B = Non-inter-level travel time spent in this place.
 C = Inter-level travel time spent in this place.
 D = Time resting spent in this place.
 E = Time spent auto-exploring this place.
 F = Levels seen in this place.
 G = Mean time per level.
                   A        B        C        D        E       F      G
               +--------+--------+--------+--------+--------+-----+--------+
         Total |   2470 |   2414 |     56 |     40 |   2067 |   4 |  617.5 |
       Dungeon |   2470 |   2414 |     56 |     40 |   2067 |   4 |  617.5 |
               +--------+--------+--------+--------+--------+-----+--------+

Top non-repeatable levels by time:
     D:3: 947 daAuts
     D:1: 891 daAuts
     D:2: 405 daAuts
     D:4: 226 daAuts
